 Dungeon Crawl Stone Soup version 0.29-a0-275-g389c0b56f3 (webtiles) character file.

Game seed: 16251691528465696206

16572 Ijustatesigmund the Cleaver (level 12, 0/115 HPs)
             Began as a Minotaur Fighter on Mar 9, 2022.
             Was an Elder of the Shining One.
             Slain by a deep elf knight
             ... wielding a +0 scimitar
              (15 damage)
             ... on level 12 of the Dungeon.
             The game lasted 00:18:54 (11968 turns).

Ijustatesigmund the Cleaver (Minotaur Fighter)     Turns: 11968, Time: 00:18:56

Health: 0/115      AC: 16    Str: 33    XL:     12   Next: 11%
Magic:  13/16      EV: 10    Int:  5    God:    the Shining One [****..]
Gold:   899        SH:  0    Dex: 15    Spells: 11/11 levels left

rFire   . . .      SeeInvis .   a - +4 war axe
rCold   . . .      Faith    .   i - +0 tower shield
rNeg    + + .      Spirit   .   b - +0 chain mail
rPois   .          Reflect  .   M - +1 hat
rElec   .          Harm     .   p - +1 cloak
rCorr   .          Rampage  .   H - +0 pair of gloves
Will    .....                   u - +1 pair of boots
Stlth   ..........              q - amulet of regeneration
HPRegen 1.09/turn               j - +6 ring of dexterity
MPRegen 0.15/turn               o - +6 ring of strength

@: confused, divinely shielded, slowed, glowing, very slow
A: horns 2, retaliatory headbutt
a: Renounce Religion, Divine Shield, Cleansing Flame


You were on level 12 of the Dungeon.
You worshipped the Shining One.
The Shining One was greatly pleased with you.
You visited 2 branches of the dungeon, and saw 13 of its levels.

You collected 899 gold pieces.

Inventory:

Hand Weapons
 a - a +4 war axe (weapon)
 k - a +3 flail
Missiles
 t - 2 throwing nets (quivered)
Armour
 b - a +0 chain mail (worn)
 i - a +0 tower shield (worn)
 p - a +1 cloak (worn)
 u - a +1 pair of boots (worn)
 H - a +0 pair of gloves (worn)
 M - a +1 hat (worn)
Jewellery
 e - a ring of magical power
 j - a +6 ring of dexterity (left hand)
 m - a ring of willpower
 o - a +6 ring of strength (right hand)
 q - an amulet of regeneration (around neck)
 I - a ring of willpower
 J - an amulet of faith
 K - a ring of positive energy
Wands
 c - a wand of mindburst (6)
 s - a wand of polymorph (12)
 y - a wand of flame (26)
 E - a wand of charming (1)
 F - a wand of iceblast (10)
Scrolls
 h - a scroll of brand weapon {unknown}
 n - 4 scrolls of teleportation
 w - 2 scrolls of amnesia
 x - a scroll of fog
 A - 6 scrolls of identify
 B - 3 scrolls of fear
 D - a scroll of blinking
 L - a scroll of silence {unknown}
Potions
 d - 4 potions of might
 f - 3 potions of lignification
 g - 5 potions of flight
 l - a potion of brilliance
 r - 2 potions of haste
 v - 3 potions of curing
 z - 2 potions of heal wounds
 G - 2 potions of attraction {unknown}
Miscellaneous
 C - a lightning rod (4/4)


   Skills:
 + Level 13.2 Fighting
 + Level 13.3 Axes
 + Level 5.0 Armour
 - Level 8.7 Dodging
 - Level 8.0 Shields
 + Level 7.5 Invocations


You had 11 spell levels left.
You didn't know any spells.
Your spell library contained the following spells:

 Spells                   Type           Power      Damage    Failure   Level
 Apportation              Tloc           0%         N/A       100%        1
 Foxfire                  Conj/Fire      0%         2x1d4     100%        1
 Sting                    Tmut/Pois      0%         1d3       100%        1
 Summon Small Mammal      Summ           0%         N/A       100%        1
 Corpse Rot               Necr/Air       0%         N/A       100%        2
 Poisonous Vapours        Pois/Air       0%         N/A       100%        2
 Sublimation of Blood     Necr           0%         N/A       100%        2
 Wereblood                Tmut           0%         N/A       100%        2
 Call Canine Familiar     Summ           0%         N/A       100%        3
 Conjure Flame            Conj/Fire      0%         6-21      100%        3
 Inner Flame              Hex/Fire       0%         N/A       100%        3
 Ozocubu's Armour         Ice            0%         N/A       100%        3
 Summon Guardian Golem    Hex/Summ       0%         N/A       100%        3
 Animate Dead             Necr           0%         N/A       100%        4
 Flame Wave               Conj/Fire      0%         2d4       100%        4
 Hailstorm                Conj/Ice       0%         3d3       100%        4
 Ice Form                 Ice/Tmut       0%         N/A       100%        4
 Leda's Liquefaction      Hex/Erth       0%         N/A       100%        4
 Olgreb's Toxic Radiance  Pois           0%         N/A       100%        4
 Alistair's Intoxication  Tmut/Pois      0%         N/A       100%        5
 Lee's Rapid Deconstruct  Erth           0%         3d5*      100%        5
 Simulacrum               Ice/Necr       0%         N/A       100%        6
 Statue Form              Tmut/Erth      0%         N/A       100%        6
 Haunt                    Necr/Summ      0%         N/A       100%        7
 Ozocubu's Refrigeration  Ice            0%         4d5       100%        7
 Summon Hydra             Summ           0%         N/A       100%        7
 Infestation              Necr           0%         N/A       100%        8


Dungeon Overview and Level Annotations

Branches:
Dungeon (12/15)            Temple (1/1) D:6            Lair (0/6) D:10
    Orc (0/2) D:9

Altars:
Ashenzari
Cheibriados
Dithmenos
Elyvilon
Fedhas
Gozag
Hepliaklqana
Kikubaaqudgha
Makhleb
Nemelex Xobeh
Okawaru
Qazlal
Ru
Sif Muna
Trog
Uskayaw
Vehumet
Wu Jian
Xom
Yredelemnul
Zin
The Shining One

Shops:
D:8 *   D:10 (

Annotations:
D:6 2 transporters, IndexError's ghost, novice GnCA


Innate Abilities, Weirdness & Mutations

You have a pair of horns on your head.
You reflexively headbutt those who attack you in melee.


Message History

The deep elf archer casts a spell at you.
You feel yourself slow down. The fire elemental closely misses you.
You furiously retaliate!
You headbutt the fire elemental! You hit the fire elemental.
The fire elemental is severely damaged.
You block the fire elemental's attack.
The deep elf pyromancer gestures wildly while chanting.
The deep elf pyromancer blinks!
You block the fire elemental's attack.
You slash the fire elemental!
The fire elemental is almost destroyed.
You block the fire elemental's attack.
The deep elf archer mumbles some strange words.
The deep elf archer blinks!
The fire elemental hits you. The fire elemental burns you!
The deep elf pyromancer gestures wildly while chanting.
The deep elf pyromancer blinks!
Your shield is strengthened by the Shining One's divine power.
You block the fire elemental's attack. x2
The deep elf archer casts a spell at you.
You are confused.
You are too confused!
Unknown command.
You bump into the rock wall.
The fire elemental hits you. The fire elemental burns you!
The deep elf archer shoots an arrow.
The arrow barely misses you.
The arrow hits the fire elemental!!
The fire elemental is destroyed!
The fire elemental disappears in a puff of smoke!
You bump into the rock wall.
The deep elf knight hits you with a +0 scimitar!
The deep elf archer shoots an arrow.
The arrow hits you!
The deep elf knight completely misses you.
The deep elf archer shoots an arrow.
The arrow hits you!
You bump into the rock wall.
The deep elf knight points at you and mumbles some strange words.
The shard of ice hits you!!!
* * * LOW HITPOINT WARNING * * *
The deep elf archer points at you and mumbles some strange words.
You resist with significant effort.
The deep elf knight hits you with a +0 scimitar!
You die...

... !.. ... #.#
##.## .e. #e# #@#
######.#
####...##.###
#...........#
######.........#.#
#...##...[.....#.#
#.............e# #
#.<.##...........
##.###...........#


You could see a deep elf archer (repels missiles), a deep elf knight (fast,
invisible) and a deep elf pyromancer.

Vanquished Creatures
  Gastronok (D:11)
  Erolcha (D:9)
  2 two-headed ogres
  A boulder beetle (D:7)
  Erica (D:8)
  Pikel (D:4)
  A deep elf pyromancer (D:12)
  An oklob plant (D:10)
  2 unseen horrors
  A komodo dragon (D:11)
  A troll (D:8)
  Prince Ribbit (D:7)
  Grinder (D:5)
  2 hornets
  2 shadows (D:11)
  12 yaks
  A wraith (D:11)
  Eustachio (D:5)
  A basilisk (D:7)
  2 steam dragons
  A warg (D:9)
  Menkaure (D:5)
  2 vampire mosquitoes (D:11)
  2 water moccasins (D:6)
  2 black bears
  7 orc warriors
  4 sky beasts
  2 ice beasts
  3 ogres
  6 centaurs
  A phantom (D:7)
  8 kobold brigands
  2 lemures (D:4)
  3 gnoll sergeants
  A bullfrog (D:9)
  A necrophage (D:7)
  2 scorpions
  An elf skeleton (D:7)
  9 wights
  10 killer bees
  3 howler monkeys (D:8)
  6 crimson imps (D:8)
  9 hounds
  2 gnoll shamans (D:8)
  9 orc priests
  3 human zombies (D:7)
  5 jellies
  An iguana (D:5)
  9 orc wizards
  A human skeleton (D:7)
  6 adders
  33 gnolls
  5 white imps
  An ufetubus (D:5)
  An adder zombie (D:2)
  5 worms
  A dart slug (D:1)
  29 orcs
  7 bats
  A bat skeleton (D:2)
  A bat zombie (D:2)
  7 endoplasms
  2 giant cockroaches
  6 goblins
  19 hobgoblins
  4 jackals (D:1)
  23 kobolds
  4 quokkas
  4 ball pythons
  An orc skeleton (D:7)
  12 rats
324 creatures vanquished.

Vanquished Creatures (collateral kills)
  An iguana (D:5)
1 creature vanquished.

Vanquished Creatures (others)
  A human (D:6)
  A killer bee (D:9)
  A gnoll (D:7)
  An orc (D:9)
  82 fungi
  45 plants
  8 withered plants (D:2)
139 creatures vanquished.

Grand Total: 464 creatures vanquished

Notes
Turn   | Place    | Note
-------+----------+-------------------------------------------
     0 | D:1      | Ijustatesigmund the Minotaur Fighter began the quest for
                  | the Orb.
     0 | D:1      | Reached XP level 1. HP: 19/19 MP: 0/0
    99 | D:1      | Reached XP level 2. HP: 21/27 MP: 1/1
   206 | D:1      | Found a faded altar of an unknown god.
   500 | D:1      | Reached XP level 3. HP: 32/33 MP: 2/2
  1013 | D:2      | Reached XP level 4. HP: 31/41 MP: 3/3
  1263 | D:2      | Reached skill level 5 in Axes
  1552 | D:2      | Found a radiant altar of Vehumet.
  1992 | D:3      | Noticed a scorpion
  1995 | D:3      | Reached XP level 5. HP: 47/47 MP: 4/4
  2001 | D:3      | Reached skill level 5 in Fighting
  2538 | D:4      | Noticed an ogre
  2543 | D:4      | Killed an ogre
  2544 | D:4      | Reached XP level 6. HP: 56/56 MP: 5/5
  2611 | D:4      | Noticed Pikel
  2611 | D:4      | Noticed a sky beast
  2615 | D:4      | Killed a sky beast
  2665 | D:4      | Reached XP level 7. HP: 42/64 MP: 6/6
  2669 | D:4      | Reached skill level 5 in Shields
  2997 | D:4      | Killed Pikel
  2998 | D:4      | Reached XP level 8. HP: 41/73 MP: 7/7
  3489 | D:5      | Entered Level 5 of the Dungeon
  3554 | D:5      | Noticed Menkaure
  3558 | D:5      | Killed Menkaure
  3682 | D:5      | Noticed Grinder
  3687 | D:5      | Killed Grinder
  4106 | D:5      | Noticed Eustachio
  4114 | D:5      | Killed Eustachio
  4392 | D:6      | Reached XP level 9. HP: 45/83 MP: 8/8
  4615 | D:6      | Found a hide-covered altar of Uskayaw.
  4618 | D:6      | Found a blossoming altar of Fedhas.
  4658 | D:6      | Found a transporter.
  4717 | D:6      | Reached skill level 1 in Dodging
  4863 | D:6      | Found a staircase to the Ecumenical Temple.
  5149 | D:6      | Noticed IndexError's ghost (novice GnCA)
  5157 | D:6      | Found a transporter.
  5369 | D:6      | Found an ancient bone altar of Kikubaaqudgha.
  5435 | D:6      | Reached skill level 10 in Axes
  5457 | Temple   | Entered the Ecumenical Temple
  5554 | Temple   | Became a worshipper of the Shining One
  5707 | D:7      | Reached skill level 10 in Fighting
  5720 | D:7      | Reached skill level 1 in Invocations
  6186 | D:7      | Found a shadowy altar of Dithmenos.
  6187 | D:7      | Noticed Prince Ribbit
  6207 | D:7      | Killed Prince Ribbit
  6209 | D:7      | Reached XP level 10. HP: 78/94 MP: 9/11
  6330 | D:7      | Found an iron altar of Okawaru.
  6512 | D:7      | Reached * piety under the Shining One
  6745 | D:7      | Noticed a boulder beetle
  6770 | D:7      | Killed a boulder beetle
  6771 | D:7      | Reached skill level 5 in Dodging
  7134 | D:8      | Reached ** piety under the Shining One
  7750 | D:8      | Noticed Erica
  7759 | D:8      | Killed Erica
  7892 | D:8      | Found Uvvo's General Store.
  7965 | D:8      | Reached skill level 5 in Invocations
  7965 | D:8      | Reached *** piety under the Shining One
  7982 | D:8      | Found a basalt altar of Yredelemnul.
  7982 | D:8      | Found a glowing silver altar of Zin.
  8047 | D:8      | Found a burning altar of Makhleb.
  8296 | D:8      | Reached XP level 11. HP: 104/104 MP: 13/13
  9511 | D:9      | Noticed Erolcha
  9520 | D:9      | Killed Erolcha
  9545 | D:9      | Found a staircase to the Orcish Mines.
  9629 | D:9      | Found a sparkling altar of Nemelex Xobeh.
  9671 | D:9      | Found a radiant altar of Vehumet.
  9757 | D:9      | Noticed a two-headed ogre
  9763 | D:9      | Killed a two-headed ogre
 10039 | D:10     | Entered Level 10 of the Dungeon
 10059 | D:10     | Noticed a two-headed ogre
 10068 | D:10     | Killed a two-headed ogre
 10079 | D:10     | Found Ovuasali's Weapon Shop.
 10228 | D:10     | Found a staircase to the Lair.
 10231 | D:10     | Noticed an oklob plant
 10839 | D:10     | Found an ornate altar of the Wu Jian Council.
 10839 | D:10     | Found a stormy altar of Qazlal.
 11044 | D:10     | Killed an oklob plant
 11129 | D:11     | Reached **** piety under the Shining One
 11331 | D:11     | Noticed Gastronok
 11340 | D:11     | Killed Gastronok
 11448 | D:11     | Reached XP level 12. HP: 79/115 MP: 16/16
 11957 | D:12     | Reached skill level 5 in Armour
 11968 | D:12     | Slain by a deep elf knight

Illustrated notes

Levels and vault maps discovered:
D:1:      minmay_arrival_jagged, layout_basic, shapermc_ecumenical_altar_ellora,
          minmay_rat_gold_closets
D:2:      layout_loops_ring, serial_undead, serial_undead_f, serial_undead_e,
          serial_undead_b, serial_undead_e, basic_altar, hex_tiny
D:3:      layout_loops_ring, serial_glass, glass_columns_a, glass_columns_a,
          glass_columns_a, glass_columns_b, glass_columns_a, glass_columns_a,
          glass_columns_b, glass_columns_a, glass_columns_b, glass_columns_a,
          nicolae_wormholes
D:4:      layout_cave_pools, dk_noncrumbling_3, uniq_pikel
D:5:      minmay_diamond_boxcup, layout_gridville, uniq_eustachio,
          uniq_menkaure, uniq_grinder
D:6:      layout_loops_ring, tgw_kikubaaqudgha,
          mainiacjoe_overflow_catch_the_wave, minmay_temple_entry_mist,
          gammafunk_ghost_arena, serial_glass, glass_columns_a, glass_columns_b
D:7:      layout_loops_ring, overflow_temple_1_default, okawaru_gym_becter,
          nicolae_ossuary_entry_catacombs, lemuel_flamethrower_2,
          uniq_prince_ribbit1
D:8:      kennysheep_housing_project, layout_basic, grunt_temple_overflow_open,
          serial_shops, nicolae_shop_advertising_works
          [nicolae_subvault_shop_adworks], st_stairs_2, minmay_nine_imps,
          uniq_erica
D:9:      layout_big_octagon, old_standard_altar, overflow_temple_1_default,
          david_orc_1_choice, uniq_erolcha
D:10:     layout_roguey, gammafunk_temple_overflow_wave, dpeg_oklobed_lair,
          serial_shops, nicolae_shop_bloodbath_and_beyond, eino_curves_03,
          hangedman_decor_clover_reticule
D:11:     layout_stronghold, grunt_decor_clamped, uniq_gastronok
D:12:     layout_loops_corners
Temple:   compressed_dpeg_circular_temple

Skill      XL: |  1  2  3  4  5  6  7  8  9 10 11 12 |
---------------+-------------------------------------+-----
Axes           | 3 4 5 6 7 9 10 11 13 | 13.3
Fighting       | 4 5 6 7 9 10 11 13 | 13.2
Armour         | 4 5 |  5.0
Shields        | 4 6 7 8 |  8.0
Dodging        | 4 6 8 |  8.7
Invocations    | 2 5 7 |  7.5

Action                   |  1- 3 |  4- 6 |  7- 9 | 10-12 || total
-------------------------+-------+-------+-------+-------++-------
Melee: War axe           |    78 |    72 |   280 |   384 ||   814
       Headbutt          |    14 |    12 |    57 |    92 ||   175
Invok: Divine Shield     |       |       |       |     2 ||     2
Evoke: Lightning rod     |       |       |       |     3 ||     3
  Use: Scroll            |       |     7 |    10 |     5 ||    22
       Potion            |       |     1 |     2 |     3 ||     6
 Stab: Distracted        |       |       |     3 |       ||     3
Armor: Scale mail        |    20 |    26 |    26 |       ||    72
       Chain mail        |       |       |   114 |   115 ||   229
Dodge: Dodged            |    23 |    39 |    45 |   102 ||   209
Block: Buckler           |    12 |    18 |       |       ||    30
       Tower shield      |       |    13 |   207 |   314 ||   534

Table legend: (Time is in decaauts)
 A = Elapsed time spent in this place.
 B = Non-inter-level travel time spent in this place.
 C = Inter-level travel time spent in this place.
 D = Time resting spent in this place.
 E = Time spent auto-exploring this place.
 F = Levels seen in this place.
 G = Mean time per level.
                   A        B        C        D        E       F      G
               +--------+--------+--------+--------+--------+-----+--------+
         Total |  12217 |  11722 |    495 |   1307 |   8142 |  13 |  939.8 |
       Dungeon |  12110 |  11624 |    486 |   1307 |   8075 |  12 | 1009.2 |
        Temple |    106 |     97 |      9 |      0 |     67 |   1 |  106.0 |
               +--------+--------+--------+--------+--------+-----+--------+

Top non-repeatable levels by time:
     D:8: 2085 daAuts
     D:7: 1691 daAuts
     D:6: 1200 daAuts
    D:10: 1077 daAuts
     D:4: 972 daAuts
     D:2: 951 daAuts
     D:1: 939 daAuts
     D:5: 901 daAuts
    D:11: 848 daAuts
     D:9: 723 daAuts
     D:3: 685 daAuts
  Temple: 106 daAuts
    D:12: 33 daAuts
